[Event "European Womens-ch 2025"]
[Site "Rhodes"]
[Date "2025.04.02"]
[Round "3.60"]
[White "Schippke, Manon"]
[Black "Mitraka, Chrysoula-Paraskevi"]
[Result "1-0"]
[Annotator "RC"]
[ECO "E04"]
[WhiteElo "2247"]
[BlackElo "1820"]
[PlyCount "83"]
[EventDate "2025.03.29"]
[EventType "swiss"]
[EventCountry "GRE"]
[SourceTitle "playchess.com"]
[Source "ChessBase"]
[SourceQuality "1"]
[TimeControl "40/5400+30:1800+30"]

1. d4 d5 2. c4 e6 3. Nf3 Nf6 4. g3 dxc4 5. Bg2 Nc6 6. O-O Rb8 7. Qc2 Be7 8. Qxc4 O-O 9. Rd1 Na5 10. Qa4 b6 11. Ne5 Bd7 12. Nxd7 Qxd7 13. Qc2 h6 14. a3 Nb7 15. Bc6 Qd8 16. b4 Qc8 17. Nc3 Nd8 18. Bg2 Bd6 19. e4 e5 20. dxe5 Bxe5 21. f4 Bxc3 22. Qxc3 Re8 23. Bb2 Rf8 24. f5 c5 25. e5 Ne8 26. Qf3 Qb7 27. Qg4 Qc8 28. e6 fxe6 29. fxe6 Nf6 30. Bxf6 Rxf6 31. e7 Qxg4 32. Rxd8+ Rxd8 33. exd8=Q+ Kh7 34. Re1 Qd4+ 35. Qxd4 cxd4 36. Re5 Rd6 37. Rd5 Rc6 38. Be4+ Rg6 39. Rd6 Kg8 40. Bxg6 Kf8 41. Re6 d3 42. Re8# 1-0

[Event "European Womens-ch 2025"]
[Site "Rhodes"]
[Date "2025.04.02"]
[Round "3.61"]
[White "Bania, Eleni"]
[Black "Zaksaite, Salomeja"]
[Result "0-1"]
[Annotator "RC"]
[ECO "B07"]
[WhiteElo "1809"]
[BlackElo "2137"]
[PlyCount "124"]
[EventDate "2025.03.29"]
[EventType "swiss"]
[EventCountry "GRE"]
[SourceTitle "playchess.com"]
[Source "ChessBase"]
[SourceQuality "1"]
[TimeControl "40/5400+30:1800+30"]

1. e4 d6 2. d4 Nf6 3. Nc3 e5 4. dxe5 dxe5 5. Qxd8+ Kxd8 6. Bg5 c6 7. Bc4 Be6 8. Bxe6 fxe6 9. O-O-O+ Nbd7 10. f3 Kc7 11. Nge2 a5 12. a4 Bc5 13. b3 h6 14. Bh4 g5 15. Be1 Nh5 16. Rf1 Raf8 17. Bf2 Ba3+ 18. Kb1 Rf7 19. Ka2 Bb4 20. h3 Rg8 21. Be3 Nf4 22. Rg1 h5 23. Rdf1 Nf8 24. Kb2 Nd7 25. Kc1 Rgf8 26. Bxf4 exf4 27. Kb2 Bc5 28. Rh1 Ne5 29. Nc1 Ng6 30. N3e2 Be3 31. Nd3 b5 32. axb5 cxb5 33. Ra1 Kb6 34. b4 a4 35. Ne1 Rd8 36. Nd3 Rc7 37. Rhd1 Rcd7 38. Ra3 Ne5 39. Rc3 Nc4+ 40. Kb1 e5 41. Ka2 Rd6 42. Rh1 Bd4 43. Nxd4 exd4 44. Rxc4 bxc4 45. Nc5 d3 46. cxd3 cxd3 47. Nxa4+ Ka7 48. Rd1 d2 49. Nc3 Rd3 50. Kb2 Re3 51. Nd5 Re2 52. Kc3 Rxg2 53. Rxd2 Rg3 54. Rd3 Rxh3 55. Kc4 g4 56. Ra3+ Kb7 57. Nxf4 Rxf3 58. Rxf3 gxf3 59. Nxh5 f2 60. Ng3 Rg8 61. Nf1 Rg1 62. Nd2 Rd1 0-1

[Event "European Womens-ch 2025"]
[Site "Rhodes"]
[Date "2025.04.02"]
[Round "3.62"]
[White "Nadzamova, Viktoria"]
[Black "Recica, Jona"]
[Result "1-0"]
[Annotator "NA RC"]
[ECO "C22"]
[WhiteElo "2122"]
[BlackElo "1716"]
[PlyCount "59"]
[EventDate "2025.03.29"]
[EventType "swiss"]
[EventCountry "GRE"]
[SourceTitle "playchess.com"]
[Source "ChessBase"]
[SourceQuality "1"]
[TimeControl "40/5400+30:1800+30"]

1. e4 e5 2. d4 exd4 3. Qxd4 Nc6 4. Qe3 d6 5. Bd2 Nf6 6. Nc3 Be7 7. h3 Be6 8. O-O-O a6 9. Nge2 Qd7 10. f4 O-O-O 11. Qf2 Bc4 12. Be3 Qe8 13. b3 Bxe2 14. Bxe2 Nd7 15. Nd5 h5 16. Rhe1 Bf6 17. Bf3 Ne7 18. Nxf6 Nxf6 19. Bd4 c5 20. Bxf6 gxf6 21. e5 fxe5 22. fxe5 Qb5 23. exd6 Ng6 24. Rd5 b6 25. Bxh5 Qa5 26. Kb2 Nf4 27. Bg4+ Kb7 28. Rdd1 c4 29. Qxf4 c3+ 30. Kb1 1-0

[Event "European Womens-ch 2025"]
[Site "Rhodes"]
[Date "2025.04.02"]
[Round "3.63"]
[White "Shuqja, Klean"]
[Black "Saraci, Ndriqona"]
[Result "1-0"]
[Annotator "NA RC"]
[ECO "B01"]
[WhiteElo "2049"]
[BlackElo "1692"]
[PlyCount "107"]
[EventDate "2025.03.29"]
[EventType "swiss"]
[EventCountry "GRE"]
[SourceTitle "playchess.com"]
[Source "ChessBase"]
[SourceQuality "1"]
[TimeControl "40/5400+30:1800+30"]

1. e4 d5 2. exd5 Qxd5 3. Nc3 Qd8 4. d4 Nf6 5. g3 g6 6. Bg2 Bg7 7. Nf3 O-O 8. O-O a6 9. Ne5 Nbd7 10. Qe2 Rb8 11. h3 e6 12. Rd1 c6 13. Bf4 Ra8 14. Nxd7 Qxd7 15. Na4 Qd8 16. Be5 Nd5 17. c4 Nb6 18. Nc5 Nd7 19. Nxd7 Bxd7 20. Bxg7 Kxg7 21. h4 Rb8 22. Rac1 Qf6 23. Rc3 Rbd8 24. Rf3 Qe7 25. Qe5+ f6 26. Qc7 Rb8 27. Rb3 Rfc8 28. Qb6 Qd8 29. Rdd3 Qe7 30. Re3 Qd8 31. Kh2 a5 32. Red3 Qc7 33. Qxc7 Rxc7 34. Rb6 Ra8 35. Rdb3 Ra7 36. Ra3 a4 37. c5 Be8 38. Rb4 Ra8 39. Rbxa4 Rd8 40. Ra8 Rxa8 41. Rxa8 Bf7 42. Ra7 e5 43. dxe5 fxe5 44. a4 Bc4 45. b4 Kf6 46. b5 cxb5 47. c6 Rxc6 48. Bxc6 bxc6 49. a5 b4 50. Rc7 Bd5 51. a6 b3 52. a7 b2 53. a8=Q b1=Q 54. Qf8+ 1-0

[Event "European Womens-ch 2025"]
[Site "Rhodes"]
[Date "2025.04.02"]
[Round "3.64"]
[White "Mihaljevic, Eva"]
[Black "Korinioti, Myrto"]
[Result "1-0"]
[Annotator "NA RC"]
[ECO "B38"]
[WhiteElo "2039"]
[BlackElo "1667"]
[PlyCount "61"]
[EventDate "2025.03.29"]
[EventType "swiss"]
[EventCountry "GRE"]
[SourceTitle "playchess.com"]
[Source "ChessBase"]
[SourceQuality "1"]
[TimeControl "40/5400+30:1800+30"]

1. e4 c5 2. Nf3 Nc6 3. d4 cxd4 4. Nxd4 g6 5. c4 Bg7 6. Be3 Nf6 7. Nc3 O-O 8. Be2 d6 9. O-O Bd7 10. h3 Nxd4 11. Bxd4 Bc6 12. Qc2 Nd7 13. Bxg7 Kxg7 14. Rfd1 a5 15. Bg4 Qc7 16. Bxd7 Bxd7 17. Nd5 Qd8 18. Qc3+ f6 19. Qe3 Rc8 20. Rac1 Rc5 21. Nf4 Qc7 22. b3 a4 23. Nd5 Qd8 24. b4 Rc8 25. Nb6 Rc7 26. c5 dxc5 27. Rxc5 Rxc5 28. Qxc5 Qe8 29. Rxd7 Rf7 30. Rxb7 a3 31. Ra7 1-0

[Event "European Womens-ch 2025"]
[Site "Rhodes"]
[Date "2025.04.02"]
[Round "3.65"]
[White "Caku, Kler"]
[Black "Kaka, Rengina Tsampika"]
[Result "1-0"]
[Annotator "NA RC"]
[ECO "B01"]
[WhiteElo "2036"]
[BlackElo "1509"]
[PlyCount "115"]
[EventDate "2025.03.29"]
[EventType "swiss"]
[EventCountry "GRE"]
[SourceTitle "playchess.com"]
[Source "ChessBase"]
[SourceQuality "1"]
[TimeControl "40/5400+30:1800+30"]

1. e4 d5 2. exd5 Qxd5 3. Nc3 Qa5 4. Bc4 Nf6 5. d3 h6 6. h3 Bf5 7. Nf3 e6 8. Bd2 c6 9. Nd5 Qd8 10. Nxf6+ Qxf6 11. Bc3 Qd8 12. Qe2 Qe7 13. O-O b5 14. Bb3 b4 15. Bd4 a5 16. Ba4 Ra6 17. Be5 Nd7 18. d4 Rb6 19. Bc7 Rb7 20. Bg3 Rb6 21. Rfe1 g5 22. Bc7 Rb7 23. Be5 f6 24. Bxc6 fxe5 25. Bxb7 Bg7 26. Bc6 O-O 27. Bxd7 Qxd7 28. Nxe5 Qxd4 29. c3 bxc3 30. bxc3 Qxc3 31. Rac1 Qd4 32. Nc6 Qf6 33. g4 Kh8 34. gxf5 Qxf5 35. Qf1 h5 36. Qg2 Bh6 37. Nd4 Qd5 38. Nxe6 Qxg2+ 39. Kxg2 Rf7 40. Rc8+ Kh7 41. Rc7 Rxc7 42. Nxc7 Kg6 43. Re6+ Kg7 44. a4 h4 45. Ne8+ Kh7 46. Rxh6+ Kxh6 47. Nd6 Kg6 48. Nc4 Kf5 49. Nxa5 Kf4 50. Nc4 g4 51. a5 gxh3+ 52. Kxh3 Kf3 53. a6 Kxf2 54. a7 Ke2 55. a8=Q Kd3 56. Qd5+ Ke2 57. Qd2+ Kf3 58. Qe3# 1-0

[Event "European Womens-ch 2025"]
[Site "Rhodes"]
[Date "2025.04.02"]
[Round "3.66"]
[White "Lamprianou, Marianna"]
[Black "Karadas, Hena"]
[Result "0-1"]
[Annotator "NA RC"]
[ECO "B23"]
[WhiteElo "1498"]
[BlackElo "1931"]
[PlyCount "78"]
[EventDate "2025.03.29"]
[EventType "swiss"]
[EventCountry "GRE"]
[SourceTitle "playchess.com"]
[Source "ChessBase"]
[SourceQuality "1"]
[TimeControl "40/5400+30:1800+30"]

1. e4 c5 2. Nc3 Nc6 3. f4 g6 4. Nf3 Bg7 5. Bb5 Nd4 6. Bc4 e6 7. d3 Ne7 8. Be3 O-O 9. O-O d5 10. Bb3 Nxf3+ 11. Rxf3 d4 12. Bf2 dxc3 13. Bxc5 cxb2 14. Rb1 a5 15. Ba3 b5 16. c4 a4 17. Bc2 b4 18. Bxb2 Bxb2 19. Rxb2 Qd4+ 20. Kf1 Qxb2 21. Rf2 Qxa2 22. Bb1 Qa1 23. Ra2 Qc3 24. Rc2 Qd4 25. g3 a3 26. Ra2 Bb7 27. Qb3 Nc6 28. Rc2 Rfb8 29. Ba2 Na5 30. Ke2 Nxb3 31. Bxb3 Bc6 32. Ra2 Ba4 33. Bxa4 Rxa4 34. h4 b3 35. Rd2 b2 36. Rd1 b1=Q 37. Rxb1 Rxb1 38. Kd2 Rb2+ 39. Kd1 Qg1# 0-1

[Event "European Womens-ch 2025"]
[Site "Rhodes"]
[Date "2025.04.02"]
[Round "3.67"]
[White "Kalyva, Kyriaki"]
[Black "Revelioti, Eleni Nefeli"]
[Result "1-0"]
[Annotator "NA RC"]
[ECO "E48"]
[WhiteElo "1885"]
[BlackElo "1470"]
[PlyCount "61"]
[EventDate "2025.03.29"]
[EventType "swiss"]
[EventCountry "GRE"]
[SourceTitle "playchess.com"]
[Source "ChessBase"]
[SourceQuality "1"]
[TimeControl "40/5400+30:1800+30"]

1. d4 Nf6 2. c4 e6 3. Nc3 Bb4 4. a3 Bxc3+ 5. bxc3 b6 6. f3 d5 7. cxd5 exd5 8. e3 O-O 9. Bd3 Bb7 10. Ne2 Nbd7 11. O-O Re8 12. Ng3 c5 13. Ra2 c4 14. Bb1 a5 15. Re2 Qc7 16. e4 dxe4 17. fxe4 b5 18. Qc2 g6 19. e5 Nd5 20. Ne4 f5 21. Nd6 Re7 22. Bg5 Re6 23. Nxb5 Qc6 24. a4 Ba6 25. Nd6 N7b6 26. Nxf5 gxf5 27. Qxf5 Qd7 28. Qg4 Re7 29. e6 Qe8 30. Bf6+ Kf8 31. Bh8+ 1-0